 Dungeon Crawl Stone Soup version 0.24-a0-201-gf205589 (webtiles) character file.

Game seed: 16679216578553454533

39 Borgoz the Cutter (level 3, 0/22 HPs)
             Began as a Gargoyle Gladiator on Mar 25, 2019.
             Slain by a gnoll
             ... wielding a +0 halberd
              (7 damage)
             ... on level 2 of the Dungeon.
             The game lasted 00:01:51 (1040 turns).

Borgoz the Cutter (Gargoyle Gladiator)              Turns: 1040, Time: 00:01:52

Health: 0/22       AC:  7    Str: 17    XL:     3   Next: 47%
Magic:  3/3        EV: 12    Int:  9    God:
Gold:   62         SH:  0    Dex: 11    Spells: 2/2 levels left

rFire    . . .     SeeInvis .   e - +0 short sword (flame)
rCold    . . .     Gourm    .   (no shield)
rNeg     + . .     Faith    .   b - +0 leather armour
rPois    ∞         Spirit   .   c - +0 helmet
rElec    +         Reflect  .   (no cloak)
rCorr    .         Harm     .   (no gloves)
MR       .....                  (no boots)
Stlth    +.........             (no amulet)
HPRegen  0.07/turn              (no ring)
MPRegen  0.08/turn              (no ring)

@: no status effects
A: negative energy resistance 1, electricity resistance, unbreathing,
petrification resistance, rot immunity, AC +3
a: no special abilities


You were on level 2 of the Dungeon.
You were not hungry.

You visited 1 branch of the dungeon, and saw 2 of its levels.

You collected 62 gold pieces.

Inventory:

Hand Weapons
 a - a +0 rapier
 e - a +0 short sword of flaming (weapon)
 k - a +2 dagger of protection
Missiles
 d - 3 throwing nets (quivered)
Armour
 b - a +0 leather armour (worn)
 c - a +0 helmet (worn)
Jewellery
 n - an uncursed amulet of the gourmand {unknown}
Scrolls
 h - 2 scrolls of teleportation {unknown}
 j - 3 scrolls of identify {unknown}
 l - 2 scrolls of immolation {unknown}
 o - a scroll of amnesia {unknown}
Potions
 g - a potion of agility {unknown}
 i - a potion of ambrosia {unknown}
 m - 2 potions of lignification {unknown}
Comestibles
 f - a ration


   Skills:
 + Level 2.5 Fighting
 * Level 3.0 Short Blades
 + Level 2.0 Throwing
 + Level 0.8 Armour
 * Level 2.7 Dodging
 + Level 0.8 Stealth
 + Level 0.4 Spellcasting


You had 2 spell levels left.
You didn't know any spells.
Your spell library was empty.

Dungeon Overview and Level Annotations

Branches:
Dungeon (2/15)

Altars:

Annotations:
D:1 1 runed translucent door


Innate Abilities, Weirdness & Mutations

You are resistant to torment.
Your stone body is resilient. (AC +3)
You are immune to poison.
You resist negative energy. (rN+)
You are resistant to electric shocks. (rElec)
You can survive without breathing.
You are immune to petrification.
You are immune to rotting.


Message History

The gnoll is lightly wounded.
The gnoll hits you with a cursed -1 club.
The gnoll splashes around in the water.
The gnoll completely misses you.
You hit the gnoll but do no damage.
The gnoll is lightly wounded.
The gnoll barely misses you.
The gnoll hits the plant but does no damage.
You hit the gnoll. You burn the gnoll.
The gnoll is heavily wounded.
The gnoll hits you but does no damage.
The gnoll splashes around in the water.
The gnoll closely misses you.
You hit the gnoll. You burn the gnoll.
The gnoll is severely wounded.
The gnoll misses you.
The gnoll hits something but does no damage.
The gnoll hits you with a cursed -1 club.
You barely miss the gnoll.
The gnoll is severely wounded.
The gnoll hits you from afar with a +0 halberd!
You die...

#.....##..# #.....##..##
##+######..#############
#.>............#
#######.######.#
#####.## #......#
#.####.P≈# #@# P.PP..
#g# ≈P≈PP..
#.gP≈♣≈♣♣≈≈≈. #.Pg♣♣♣♣
P≈P# #.P≈≈♣ ≈P# ##.≈♣♣
#≈≈ .≈≈ #≈P.


You could see 3 gnolls.

Vanquished Creatures
  3 dart slugs (D:1)
  A leopard gecko (D:1)
  A giant cockroach (D:2)
  6 goblins
  3 hobgoblins (D:1)
  2 jackals (D:1)
  4 bats
  A frilled lizard (D:1)
  7 kobolds
  3 rats (D:1)
31 creatures vanquished.

Notes
Turn   | Place    | Note
-------+----------+-------------------------------------------
     0 | D:1      | Borgoz the Gargoyle Gladiator began the quest for the Orb.
     0 | D:1      | Reached XP level 1. HP: 12/12 MP: 1/1
     1 | D:1      | Found a runed translucent door.
   129 | D:1      | Reached XP level 2. HP: 17/17 MP: 2/2
   570 | D:1      | Reached XP level 3. HP: 22/22 MP: 3/3
   831 | D:1      | Reached skill level 3 in Short Blades
  1040 | D:2      | Slain by a gnoll

Levels and vault maps discovered:
D:1:      dpeg_arrival_caged_fury, layout_loops_corners
D:2:      layout_basic, first_ration, serial_bayou_pond_c, minmay_tall_x

Skill      XL: |  1  2  3 |
---------------+----------+-----
Throwing       | 2 |  2.0
Short Blades   | 3 |  3.0
Fighting       | |  2.5
Armour         | |  0.8
Dodging        | |  2.7
Stealth        | |  0.8
Spellcasting   | |  0.4

Action                   || total
-------------------------++-------
Melee: Short sword       ||    94
 Stab: Sleeping          ||     1
Armor: Leather armour    ||    26
Dodge: Dodged            ||    61

Table legend:
 A = Non-vault XP
 B = Vault XP
 C = Vault XP percentage of total XP
 D = Non-vault monster count
 E = Vault monster count
 F = Vault count percentage of total count
                 A         B        C        D         E       F
            +---------+---------+-------+---------+---------+-------
      Total |      57 |       0 |   0.0 |      31 |       0 |   0.0
            +---------+---------+-------+---------+---------+-------
        D:1 |      49 |       0 |   0.0 |      26 |       0 |   0.0
        D:2 |       8 |       0 |   0.0 |       5 |       0 |   0.0
            +---------+---------+-------+---------+---------+-------
